 Dungeon Crawl Stone Soup version 0.27-a0-1202-ge72e49191c (webtiles) character file.

Game seed: 4926384216978884134

106 robertstho the Skirmisher (level 4, 0/40 HPs)
             Began as a Draconian Berserker on June 4, 2021.
             Was a Believer of Trog.
             Killed from afar by Ijyb (15 damage)
             ... with an iceblast
             ... on level 3 of the Dungeon.
             The game lasted 00:02:46 (1947 turns).

robertstho the Skirmisher (Draconian Berserker)     Turns: 1947, Time: 00:02:47

Health: 0/40       AC:  5    Str: 20    XL:     4   Next: 55%
Magic:  4/4        EV: 13    Int:  7    God:    Trog [**....]
Gold:   63         SH:  0    Dex: 11    Spells: 3/3 levels left

rFire    + . .     SeeInvis .   a - +0 hand axe
rCold    . . .     Faith    .   (no shield)
rNeg     . . .     Spirit   .   (armour unavailable)
rPois    .         Reflect  .   (helmet restricted)
rElec    .         Harm     .   (no cloak)
rCorr    .         Rampage  .   (no gloves)
Will     .....                  (no boots)
Stlth    +.........             (no amulet)
HPRegen  0.13/turn              e - ring of protection from fire
MPRegen  0.09/turn              (no ring)

@: on berserk cooldown, slowed, very slow
A: AC +5, unfitting armour, cold-blooded
a: Renounce Religion, Berserk, Trog's Hand


You were on level 3 of the Dungeon.
You worshipped Trog.
Trog was pleased with you.
You visited 1 branch of the dungeon, and saw 3 of its levels.

You collected 63 gold pieces.

Inventory:

Hand Weapons
 a - a +0 hand axe (weapon)
Jewellery
 e - a ring of protection from fire (left hand)
Scrolls
 c - a scroll of teleportation {unknown}
 d - a scroll of torment
 h - a scroll of fog {unknown}
 i - a scroll of magic mapping {unknown}
 j - a scroll of vulnerability
 k - a scroll of silence
Potions
 b - a potion of haste {unknown}
 g - a potion of lignification {unknown}


   Skills:
 * Level 4.1 Fighting
 + Level 3.9 Axes
 * Level 3.7 Dodging
 + Level 0.1 Stealth


You had 3 spell levels left.
You didn't know any spells.
Your spell library was empty.

Dungeon Overview and Level Annotations

Branches:
Dungeon (3/15)

Altars:

Shops:
D:1 [

Annotations:
D:3 Grinder, Ijyb


Innate Abilities, Weirdness & Mutations

Your plain brown scales are hard. (AC +5)
You cannot fit into any form of body armour.
You are cold-blooded and may be slowed by cold attacks.


Message History

An orc is nearby!
The orc closely misses you.
Things that are here:
a +0 dagger; a +0 falchion; a +0 scale mail You hit the orc.
The orc is moderately wounded.
The orc hits you with a +0 flail.
You hit the orc but do no damage.
The orc is moderately wounded.
The orc hits you with a +0 flail.
You are too injured to fight recklessly!
You are too injured to fight recklessly!
You are too injured to fight recklessly!
You are too injured to fight recklessly!
A red film seems to cover your vision as you go berserk!
You feel yourself moving faster!
You feel mighty! The orc hits you but does no damage.
You hit the orc.
Your tail-slap misses the orc.
The orc is heavily wounded.
The orc closely misses you.
You slash the orc!
You kill the orc!
Trog accepts your kill.
Items here: ( ) [ †.
You feel a strong urge to attack something.
Things that are here:
a +0 dagger; a +0 falchion; a +0 scale mail You are no longer berserk.
You are exhausted.
You feel yourself slow down.
Items here: ( ) [ †.
Ijyb shouts!
You hear a shout!
Grinder comes into view.
Things that are here:
a +0 dagger; a +0 falchion; a +0 scale mail
Items here: ( ) [ †.
Ijyb zaps a wand.
The mass of ice explodes!
The iceblast engulfs you.
You hear a shout! x2
Ijyb zaps a wand.
The mass of ice explodes!
The iceblast engulfs you!
You die...

#. #............####
..####............... .
......5...)...####### ..
#.......g###.......^
...#.#..###.# #########
.....##.....###
..............#
..........###.####
.......@.........# ###
.................# ##...
............###..###..##
.......<................
........................
...........#............
..........##............
...#.....###............
#. ...#### #............


You could see Grinder and Ijyb.

Vanquished Creatures
  Natasha (D:3)
  An adder (D:2)
  A worm (D:2)
  4 dart slugs (D:1)
  3 orcs (D:3)
  8 bats
  3 endoplasms
  A giant cockroach (D:1)
  4 goblins (D:1)
  5 hobgoblins
  9 jackals
  3 kobolds
  2 quokkas
  4 ball pythons (D:1)
  A frilled lizard (D:3)
  4 rats
54 creatures vanquished.

Notes
Turn   | Place    | Note
-------+----------+-------------------------------------------
     0 | D:1      | robertstho the Draconian Berserker began the quest for the
                  | Orb.
     0 | D:1      | Reached XP level 1. HP: 19/19 MP: 1/1
    23 | D:1      | Found a faded altar of an unknown god.
   164 | D:1      | Reached XP level 2. HP: 22/26 MP: 2/2
   398 | D:1      | Reached XP level 3. HP: 29/33 MP: 3/3
   466 | D:1      | Reached ** piety under Trog
   613 | D:1      | Found Weasinorch's Antique Armour Shoppe.
  1088 | D:2      | Reached skill level 4 in Fighting
  1619 | D:2      | Reached XP level 4. HP: 40/40 MP: 4/4
  1785 | D:3      | Noticed Ijyb
  1814 | D:3      | Noticed Natasha
  1819 | D:3      | Killed Natasha
  1941 | D:3      | Noticed Grinder
  1947 | D:3      | Killed from afar by Ijyb

Illustrated notes

Levels and vault maps discovered:
D:1:      mrwooster_arrival_statue, layout_basic,
          hellmonk_ecumenical_altar_dog_temple, serial_shops, shop,
          minmay_indecisive_spiral
D:2:      layout_basic
D:3:      layout_rooms, serial_undead, serial_undead_e, serial_undead_a,
          serial_undead_a, serial_undead_b, serial_undead_b, serial_undead_c,
          serial_undead_f, minmay_misc_feat_columns, grunt_ministairs_3,
          uniq_grinder, uniq_ijyb, uniq_robin, uniq_natasha, uniq_jessica

Skill      XL: |  1  2  3 |
---------------+----------+-----
Dodging        | 3 |  3.7
Fighting       | 4 |  4.1
Axes           | |  3.9
Stealth        | |  0.1

Action                   |  1- 3 |  4- 6 || total
-------------------------+-------+-------++-------
Melee: Hand axe          |   109 |    20 ||   129
       Tailslap          |    14 |     3 ||    17
Invok: Berserk           |     1 |     2 ||     3
  Use: Scroll            |       |     3 ||     3
 Stab: Sleeping          |     1 |       ||     1
Armor: Skin              |    45 |     3 ||    48
Dodge: Dodged            |   106 |    10 ||   116

Table legend: (Time is in decaauts)
 A = Elapsed time spent in this place.
 B = Non-inter-level travel time spent in this place.
 C = Inter-level travel time spent in this place.
 D = Time resting spent in this place.
 E = Time spent auto-exploring this place.
 F = Levels seen in this place.
 G = Mean time per level.
                   A        B        C        D        E       F      G
               +--------+--------+--------+--------+--------+-----+--------+
         Total |   1981 |   1897 |     84 |     44 |   1537 |   3 |  660.3 |
       Dungeon |   1981 |   1897 |     84 |     44 |   1537 |   3 |  660.3 |
               +--------+--------+--------+--------+--------+-----+--------+

Top non-repeatable levels by time:
     D:2: 1037 daAuts
     D:1: 844 daAuts
     D:3: 98 daAuts
